 Dungeon Crawl Stone Soup version 0.18-a0-1514-g6ed9364 (webtiles) character file.

2629 Amnesiac the Destroyer (level 9, -4/45 HPs)
             Began as a Deep Elf Fire Elementalist on Mar 6, 2016.
             Was a Priest of Sif Muna.
             Slain by a killer bee (7 damage)
             ... on level 6 of the Dungeon.
             The game lasted 00:18:44 (8195 turns).

Amnesiac the Destroyer (Deep Elf Fire Elementalist) Turns: 8195, Time: 00:18:44

Health: -4/45      AC:  7    Str:  2 (3)  XL:     9   Next: 35%
Magic:  0/21       EV: 12    Int: 25 (27) God:    Sif Muna [***...]
Gold:   231        SH:  0    Dex: 15      Spells: 7 memorised, 3 levels left

rFire  . . .     SeeInvis .     (no weapon)
rCold  . . .     Gourm    .     a - +0 robe
rNeg   . . .     Faith    .     (no shield)
rPois  .         Spirit   +     r - +1 helmet {Int+3}
rElec  .         Dismiss  .     e - +2 cloak
rCorr  +         Reflect  .     (no gloves)
SustAt .         Harm     .     (no boots)
MR     .....     Clarity  +     F - amulet of guardian spirit
Stlth  ++........               (no ring)
                                t - ring of resist corrosion

@: lethally poisoned (-4 -> -5), very slightly contaminated, hasted, heavily
drained, invisible, very quick, not resistant to hostile enchantments,
unstealthy
A: berserk 1, clarity, deterioration 1, regeneration 1, weak 1
a: Channel Energy, Renounce Religion


You were on level 6 of the Dungeon.
You worshipped Sif Muna.
Sif Muna was most pleased with you.
You were near starving.

You visited 2 branches of the dungeon, and saw 8 of its levels.

You collected 339 gold pieces.
You spent 108 gold pieces at shops.

Inventory:

Missiles
 j - 3 javelins (quivered)
 m - 10 poisoned needles
Armour
 a - a +0 robe (worn)
 e - a +2 cloak (worn)
 r - a +1 helmet of intelligence (worn)
Jewellery
 t - a ring of resist corrosion (left hand)
 F - an amulet of guardian spirit (around neck)
Scrolls
 k - a scroll of enchant armour
 o - 2 scrolls of enchant weapon
 p - 2 scrolls of remove curse
 q - 2 scrolls of recharging {unknown}
 w - 2 scrolls of random uselessness {unknown}
 y - a scroll of identify
 E - a scroll of teleportation {unknown}
Potions
 g - a potion of resistance {unknown}
 h - 2 potions of might {unknown}
 i - a potion of haste
 l - 2 potions of curing {unknown}
 u - a potion of flight
 x - 3 potions of lignification
Books
 b - a book of Flames

   Spells                             Type                      Level
   a - Flame Tongue                   Conjuration/Fire             1
   b - Throw Flame                    Conjuration/Fire             2
   c - Conjure Flame                  Conjuration/Fire             3
   d - Inner Flame                    Hexes/Fire                   3
   e - Sticky Flame                   Conjuration/Fire             4
   f - Fireball                       Conjuration/Fire             5
 s - a book of Burglary

   Spells                             Type                      Level
   a - Swiftness                      Charms/Air                   2
   b - Passwall                       Transmutation/Earth          2
   c - Passage of Golubria            Translocation                4
   d - Lee's Rapid Deconstruction     Earth                        5
   e - Darkness                       Hexes                        6
   f - Invisibility                   Hexes                        6
Comestibles
 c - 5 bread rations
 n - a meat ration
 v - a royal jelly
 z - 2 beef jerkies
 A - 2 slices of pizza
 D - 6 fruits


   Skills:
 - Level 2.4(0.9) Dodging
 - Level 2.4(0.9) Stealth
 + Level 7.1(5.4) Spellcasting
 * Level 9.0(7.2) Conjurations
 * Level 8.7(6.9) Fire Magic
 + Level 4.4(2.8) Invocations


You had 3 spell levels left.
You knew the following spells:

 Your Spells              Type           Power        Failure   Level  Hunger
a - Throw Flame           Conj/Fire      #####.       1%          2    None
c - Swiftness             Chrm/Air       #.......     14%         2    None
e - Fireball              Conj/Fire      #####.....   14%         5    #####..
f - Sticky Flame          Conj/Fire      #####...     6%          4    ###....
s - Conjure Flame         Conj/Fire      #####...     1%          3    #......
v - Passwall              Trmt/Erth      #.........   14%         2    None
z - Flame Tongue          Conj/Fire      #####        1%          1    None


Dungeon Overview and Level Annotations

Branches:
Dungeon (7/15)             Temple (1/1) D:5

Altars:
Fedhas
Gozag
Kikubaaqudgha
Makhleb
Nemelex Xobeh
Qazlal
Sif Muna
Trog
Vehumet
Xom
Yredelemnul
The Shining One

Shops:
D:4 [   D:6 (


Innate Abilities, Weirdness & Mutations

You tend to lose your temper in combat.
You possess an exceptional clarity of mind.
Your body sometimes deteriorates upon taking damage.
Your natural rate of healing is unusually fast.
You are weak. (Str -2)


Message History

You are very lightly contaminated with residual magic.
Drink which item? (? for menu, Esc to quit)
Okay, then.
Read which item? (? for menu, Esc to quit)
Okay, then.
The killer bee misses you. The killer bee closely misses you.
Drink which item? (? for menu, Esc to quit)
It was a potion of mutation.
You feel extremely strange.
You feel agile.
You feel clumsy.
Your thoughts seem clearer.
The killer bee closely misses you. The killer bee stings you.
* * * LOW HITPOINT WARNING * * *
You are poisoned.
The killer bee poisons you!
Unknown command.
Drink which item? (? for menu, Esc to quit)
You feel yourself speed up.
You feel sick. The killer bee barely misses you.
The killer bee closely misses you. The killer bee stings you!
You die...

#...## #.'........').# ##.###
#.'........'..## #.##
###≈......≈#..(# # #.#
#≈......≈#[.(## ## ..##
#≈≈≈≈≈≈≈≈#....## #. ...##
###########....(####. ....##
##.................... ###..##
#.....y.>†............ ##..##
##....@.zz.......###(..
##..####.........[.....###....
##....................###....
##.....##...........###.....
#.....####.........###.....
###....## ###........###...)
#####.....## ##...##....##...
#........## ##.#####.......
.........# #..# ##......


You could see a killer bee and 2 wights.

Vanquished Creatures
  A two-headed ogre (D:6)
  A hippogriff (D:6)
  A sky beast (D:5)
  2 orc warriors (D:6)
  A phantom (D:5)
  An ogre (D:7)
  3 centaurs (D:6)
  5 giant frogs
  3 scorpions
  A killer bee (D:6)
  9 wights
  A crimson imp (D:6)
  A hound (D:5)
  3 orc priests
  A gnoll shaman (D:6)
  3 giant frog skeletons
  3 iguanas (D:4)
  Ijyb (D:1)
  2 orc wizards
  3 worker ants
  A hound skeleton (D:7)
  Robin (D:4)
  5 gnolls
  4 adders
  An ooze (D:3)
  An adder skeleton (D:4)
  3 worms
  A dart slug (D:1)
  2 giant geckos
  15 orcs
  2 ball pythons
  6 bats
  7 giant cockroaches
  6 goblins
  9 hobgoblins
  11 jackals
  8 kobolds
  2 quokkas
  A giant gecko skeleton (D:4)
  6 giant newts
  A quokka skeleton (D:4)
  39 rats
178 creatures vanquished.

Vanquished Creatures (others)
  A gnoll (D:6)
  2 orcs (D:6)
  A bat (D:3)
4 creatures vanquished.

Grand Total: 182 creatures vanquished

Notes
Turn   | Place    | Note
--------------------------------------------------------------
     0 | D:1      | Amnesiac the Deep Elf Fire Elementalist began the quest for the Orb.
     0 | D:1      | Reached XP level 1. HP: 10/10 MP: 6/6
   141 | D:1      | Reached skill level 2 in Conjurations
   141 | D:1      | Reached XP level 2. HP: 15/15 MP: 0/8
   213 | D:1      | Learned a level 2 spell: Throw Flame
   688 | D:2      | Noticed Ijyb
   734 | D:1      | Killed Ijyb
   734 | D:1      | Reached skill level 3 in Conjurations
   734 | D:1      | Reached XP level 3. HP: 19/19 MP: 0/9
  1293 | D:4      | Reached skill level 4 in Conjurations
  1293 | D:4      | Reached XP level 4. HP: 24/24 MP: 6/10
  1298 | D:4      | Learned a level 3 spell: Conjure Flame
  1581 | D:4      | Reached XP level 5. HP: 15/28 MP: 4/12
  2057 | D:4      | Found Fowiseip's Armour Boutique.
  2371 | D:3      | Noticed Robin
  2380 | D:4      | Killed Robin
  2599 | D:5      | Entered Level 5 of the Dungeon
  2627 | D:5      | Found a staircase to the Ecumenical Temple.
  2636 | Temple   | Entered the Ecumenical Temple
  2860 | Temple   | Became a worshipper of Sif Muna the Loreminder
  3459 | D:2      | Reached skill level 5 in Conjurations
  3740 | D:2      | Reached XP level 6. HP: 32/32 MP: 11/13
  4259 | D:3      | Reached skill level 5 in Fire Magic
  4265 | D:3      | Learned a level 4 spell: Sticky Flame
  4851 | D:3      | Reached skill level 1 in Invocations
  4974 | D:3      | Found a sparkling altar of Nemelex Xobeh.
  5143 | D:5      | Noticed a sky beast
  5156 | D:5      | Killed a sky beast
  5165 | D:5      | Gained mutation: Your body sometimes deteriorates upon taking damage. [mutagenic meat]
  5166 | D:5      | Gained mutation: You expend magic power (3 MP) to strengthen your wands. [mutagenic meat]
  5167 | D:5      | Gained mutation: You are weak. (Str -2) [mutagenic meat]
  5168 | D:5      | Gained mutation: Your natural rate of healing is unusually fast. [mutagenic meat]
  5169 | D:5      | Lost mutation: You expend magic power (3 MP) to strengthen your wands. [mutagenic meat]
  5170 | D:5      | Gained mutation: You tend to lose your temper in combat. [mutagenic meat]
  5268 | D:5      | Reached XP level 7. HP: 33/36 MP: 8/15
  5278 | D:5      | Found an ancient bone altar of Kikubaaqudgha.
  5340 | D:5      | Learned a level 5 spell: Fireball
  5342 | D:5      | Found a burning altar of Makhleb.
  5470 | D:5      | Reached * piety under Sif Muna
  5841 | D:6      | Found a radiant altar of Vehumet.
  5844 | D:6      | Reached skill level 6 in Conjurations
  5944 | D:5      | Reached skill level 5 in Spellcasting
  6092 | D:6      | Reached XP level 8. HP: 41/41 MP: 12/18
  6164 | D:6      | Reached skill level 7 in Conjurations
  6192 | D:6      | Reached ** piety under Sif Muna
  6717 | D:6      | Found Koddou's Antique Weapon Shoppe.
  6726 | D:6      | Bought a glowing quarterstaff for 108 gold pieces
  7081 | D:6      | Reached skill level 8 in Conjurations
  7132 | D:6      | Noticed a two-headed ogre
  7134 | D:6      | Killed a two-headed ogre
  7134 | D:6      | Reached *** piety under Sif Muna
  7134 | D:6      | Reached XP level 9. HP: 45/45 MP: 10/21
  8025 | D:6      | Learned a level 2 spell: Passwall
  8028 | D:6      | Learned a level 2 spell: Swiftness
  8068 | D:6      | Reached skill level 9 in Conjurations
  8193 | D:6      | Gained mutation: You are agile. (Dex +2) [potion of mutation]
  8193 | D:6      | Lost mutation: You are agile. (Dex +2) [potion of mutation]
  8193 | D:6      | Gained mutation: You possess an exceptional clarity of mind. [potion of mutation]
  8195 | D:6      | Slain by a killer bee

Vault maps used:
D:1:      onia_arrival_pentagram, serial_forest, infiniplex_forest_lined_room_,
          infiniplex_forest_end_2, infiniplex_forest_straight_1,
          infiniplex_forest_clump_long, infiniplex_forest_clump_tiny,
          infiniplex_forest_lined_2, infiniplex_forest_join, minmay_ruptured
D:2:      minmay_rats_cheesy_pizza, uniq_iyjb
D:3:      wad_river_or_something, nemelex_altar_shiori, first_bread,
          lemuel_another_geyser, uniq_robin
D:4:      serial_shops, shop
D:5:      lemuel_doored_altar, kennysheep_mini_moat,
          minmay_temple_entry_statues_fountains
D:6:      fiery_altar_vehumet, serial_shops, shop, kennysheep_generic_room_5
D:7:      grunt_ogre_cave, uniq_menkaure
Temple:   minmay_temple_curvy_8

Skill      XL: |  1  2  3  4  5  6  7  8  9 |
---------------+----------------------------+-----
Conjurations   | 2 3 4 5 6 8 9 |  9.0
Fire Magic     | 4 5 6 8 |  8.7
Spellcasting   | 4 5 6 7 |  7.1
Invocations    | 1 2 3 4 |  4.4
Dodging        | |  2.4
Stealth        | |  2.4

Action                   |  1- 3 |  4- 6 |  7- 9 || total
-------------------------+-------+-------+-------++-------
Melee: Quarterstaff      |       |       |    66 ||    66
 Cast: Flame Tongue      |    43 |   141 |   115 ||   299
       Throw Flame       |     8 |    10 |     6 ||    24
       Sticky Flame      |       |     4 |    15 ||    19
       Fireball          |       |       |     8 ||     8
Invok: Channel Energy    |       |       |    22 ||    22
  Use: Scroll            |       |     4 |     5 ||     9
       Potion            |       |       |     4 ||     4
  Eat: Chunk             |     1 |    19 |    15 ||    35
